Cogmind - Beta 14 @@@ ROGUE MODE // 2024.09.17 @ 22:56:24 Player: Duduxx Result: Destroyed by G-47 Trooper with Particle Gun Performance ------------- Evolutions (2) 1000 Regions Visited (3) 600 Robots Destroyed (23) 115 Value Destroyed (704) 704 Prototype IDs (4) 80 Alien Tech Used (0) 0 Bonus (11) 11 TOTAL SCORE: 2510 Bonus ------- High Alert Combat Kills 11 Cogmind --------- Core Integrity 0/550 Matter 218/300 Energy 65/100 System Corruption 0% Temperature Warm (153) Movement Flying (109) Ox1 Location -8/Materials Parts ------- > --- POWER (1) -------- (None) > --- PROPULSION (4) --- VTOL Module Improved Flight Unit > --- UTILITY (4) ------ Heat Sink Small Storage Unit Weight Redist. System Improved Targeting Computer > --- WEAPON (2) ------- Particle Cannon Ion Cannon > --- INVENTORY (8) ---- Rocket Launcher Peak State ------------ > --- POWER ------------ Light Ion Engine > --- PROPULSION ------- VTOL Module Improved Flight Unit Improved Flight Unit Improved Flight Unit > --- UTILITY ---------- Small Storage Unit Improved Targeting Computer Improved Targeting Computer Shield Generator > --- WEAPON ----------- Advanced Beam Cannon Light Assault Rifle > --- INVENTORY -------- Deuterium Engine VTOL Module VTOL Module EM Pulse Gun Particle Cannon Assault Rifle Grenade Launcher [Rating: 24] Favorites ----------- Power Ion Engine Engine Ion Engine Power Core Light Nuclear Core Propulsion Improved Flight Unit Treads Light Treads Flight Unit Improved Flight Unit Utility Small Storage Unit Device Shield Generator Storage Small Storage Unit Processor Improved Targeting Computer Weapon Light Assault Rifle Energy Cannon Advanced Beam Cannon Ballistic Gun Light Assault Rifle Launcher Rocket Launcher Slashing Weapon Blade Saw Build | -11 -10 -9 -8 ------- Run | Yrd Mat Mat Mat Slots Evolved 4 | . . 2 2 Power . | . . . . Propulsion 2 | . . 2 . Utility 2 | . . . 2 Weapon . | . . . . Parts Attached 50 | 6 2 17 25 Power 6 | 1 . 2 3 Engine 5 | 1 . 2 2 Core 1 | . . . 1 Reactor . | . . . . Propulsion 21 | 2 2 10 7 Treads 4 | 2 2 . . Leg . | . . . . Wheel . | . . . . Hover . | . . . . Flight 17 | . . 10 7 Utility 7 | 1 . 2 4 Device 3 | . . . 3 Storage 1 | 1 . . . Processor 3 | . . 2 1 Hackware . | . . . . Protection . | . . . . Artifact . | . . . . Weapon 16 | 2 . 3 11 Energy Gun . | . . . . Energy Cannon 10 | . . 3 7 Ballistic Gun 2 | 2 . . . Ballistic Cannon . | . . . . Launcher 3 | . . . 3 Special Weapon . | . . . . Impact Weapon . | . . . . Slashing Weapon 1 | . . . 1 Piercing Weapon . | . . . . Special Melee Weapon . | . . . . Unidentified Prototypes 2 | . . 2 . Parts Lost 15 | . . . 15 Power 4 | . . . 4 Propulsion 6 | . . . 6 Utility 2 | . . . 2 Weapon 3 | . . . 3 Highest Loss Streak 9 | . . . 9 To Critical Strikes . | . . . . Average Slot Usage (%) 85 | . 85 95 77 Engine 8 | . 14 11 4 Treads 6 | . 28 1 . Flight 27 | . . 38 30 Device 2 | . . . 6 Storage 10 | . 14 11 9 Processor 9 | . . 10 12 Energy Cannon 6 | . . 8 8 Ballistic Gun 12 | . 28 13 3 Peak Build Rating 24 | 6 9 21 24 Average Rating 15 | 4 7 16 19 On Entrance 8 | . 6 9 20 Naked Turns . | . . . . Heaviest Build 20 | 13 13 17 20 Greatest Support 46 | 40 46 46 20 Greatest Overweight (x) 5 | . . . 5 Average Overweight (x) . | . . . . Largest Inventory Capacity 8 | 8 8 8 8 Average Capacity 7 | 7 8 8 8 Most Carried 8 | 2 7 8 7 Average Carried 4 | . 4 7 4 Final Capacity 8 | 8 8 8 8 Final Carried 8 | 2 7 8 1 Class Distribution -------------------- 50% | Mutant 50% | Sprinter Dominant Class ---------------- Mutant | -10/Materials Sprinter | -9/Materials Sprinter | -8/Materials Resources | -11 -10 -9 -8 ----------- Run | Yrd Mat Mat Mat Matter Collected 705 | 208 31 169 297 Remotely . | . . . . Salvage Created 764 | . 31 265 468 Parts 55 | . 3 18 34 Haulers Intercepted 1 | . . 1 . Recyclers Shooed . | . . . . Parts Field Recycled . | . . . . Retrieved Matter . | . . . . Parts Self-Destructed . | . . . . Prevented . | . . . . Kills | -11 -10 -9 -8 ------- Run | Yrd Mat Mat Mat Combat Hostiles Destroyed 16 | . 1 5 10 Guns 2 | . 1 1 . Cannons 8 | . . 4 4 AOE 5 | . . . 5 Classes Destroyed 8 | . 1 3 4 Builder 2 | . . . 2 Hauler 1 | . . 1 . Recycler 1 | . . . 1 Operator 1 | . . 1 . Watcher 2 | . . . 2 Cutter 3 | . . . 3 Grunt 10 | . 1 3 6 Sentry 3 | . . 2 1 Best Kill Streak 9 | . 1 4 9 Combat Bots Only 6 | . 1 3 6 Max Kills in Single Turn 2 | . 1 1 2 Gunslinging . | . . . . Exploded 2 | . . . 2 Melee . | . . . . Uniques/NPCs Destroyed . | . . . . Combat | -11 -10 -9 -8 -------- Run | Yrd Mat Mat Mat Hostile Shots Fired 146 | . 3 30 113 Missed 60 | . 1 11 48 Damage Taken 1807 | . 68 257 1482 Core 652 | . . 88 564 Absorbed by Shields 60 | . . . 60 Core Remaining (%) 92 | 100 100 78 . Volleys Fired 74 | . 5 30 39 Largest 2 | . 2 2 2 Hottest 128 | . 40 88 128 Shots Fired 129 | . 10 60 59 Gun 58 | . 10 34 14 Cannon 63 | . . 26 37 Launcher 8 | . . . 8 Special . | . . . . Kinetic 58 | . 10 34 14 Thermal 63 | . . 26 37 Explosive 8 | . . . 8 Electromagnetic . | . . . . Robot Hit Streak 12 | . 5 12 10 Robot Miss Streak 4 | . 3 4 2 Penetration Max . | . . . . Secondary Targets . | . . . . Shots Hit Robots 84 | . 6 39 39 Core Hits 45 | . 2 14 29 Critical Kills 2 | . . . 2 Critical Parts Destroyed . | . . . . Critical Strikes 2 | . . . 2 Meltdown 1 | . . . 1 Destroy 1 | . . . 1 Melee Attacks . | . . . . Impact . | . . . . Slashing . | . . . . Piercing . | . . . . Sneak Attacks . | . . . . Combat Hostiles . | . . . . Follow-up Attacks . | . . . . Damage Inflicted 1789 | . 63 561 1165 Guns 323 | . 63 166 94 Cannons 977 | . . 395 582 Explosions 489 | . . . 489 Melee . | . . . . Ramming . | . . . . Kinetic 323 | . 63 166 94 Thermal 977 | . . 395 582 Explosive 489 | . . . 489 Electromagnetic . | . . . . Impact . | . . . . Slashing . | . . . . Piercing . | . . . . Highest Corruption . | . . . . Average Corruption . | . . . . Corruption Purged . | . . . . Corruption Blocked . | . . . . Overload Shots . | . . . . Overflow Damage . | . . . . Projectiles . | . . . . Explosions . | . . . . Melee . | . . . . Knockbacks . | . . . . Impact . | . . . . Kinetic . | . . . . Secondary . | . . . . Self-Inflicted Damage 100 | . . . 100 Shots 4 | . . . 4 Rammed . | . . . . Targets Rammed . | . . . . Kicked . | . . . . Crushed . | . . . . Highest Temperature 331 | . 6 331 177 Average Temperature 97 | . 6 135 54 Received Heat Transfer 495 | . 12 105 378 Effects 3 | . . 3 . Interference 2 | . . 2 . Short Circuit 1 | . . 1 . Siege Activations . | . . . . Robots Corrupted . | . . . . Combat Hostiles . | . . . . Parts Fried . | . . . . Impact Corruptions . | . . . . Robots Melted 1 | . . . 1 Combat Hostiles 1 | . . . 1 Parts Melted 7 | . . 4 3 Heat Transferred 1702 | . . 703 999 Parts Sabotaged . | . . . . Parts Stolen . | . . . . Parts Stripped . | . . . . Power Chain Reactions . | . . . . Alert | -11 -10 -9 -8 ------- Run | Yrd Mat Mat Mat Peak Influence 458 | . 47 232 458 Initial 104 | . . 19 104 Average 118 | . 17 86 214 Maximum Alert Level 2 | . . 1 2 Low Security (%) 83 | 100 100 92 66 Level 1 9 | . . 7 16 Level 2 7 | . . . 17 Level 3 . | . . . . Level 4 . | . . . . Level 5 . | . . . . High Security . | . . . . Max Security . | . . . . Squads Dispatched 5 | . . 2 3 Investigation 2 | . . 1 1 Extermination . | . . . . Reinforcement 3 | . . 1 2 Assault . | . . . . Garrison . | . . . . Intercept . | . . . . Searches Triggered . | . . . . Construction Impeded . | . . . . Haulers Reinforced . | . . . . Active Scanning Responses . | . . . . Cargo Convoy Interrupts . | . . . . Stealth | -11 -10 -9 -8 --------- Run | Yrd Mat Mat Mat Distress Signals 2 | . . 2 . Communications Jammed . | . . . . Distress Signals . | . . . . Times Spotted 33 | . 3 10 20 Peak Tracking Total 6 | . 2 3 6 Tactical Retreats 4 | . . . 4 Traps | -11 -10 -9 -8 ------- Run | Yrd Mat Mat Mat Traps Triggered 2 | . 1 . 1 Indirectly . | . . . . Trap Hack Attempts . | . . . . Triggered . | . . . . Disarmed . | . . . . Reprogrammed . | . . . . Reused . | . . . . Traps Extracted . | . . . . Installed . | . . . . Triggered . | . . . . Machines | -11 -10 -9 -8 ---------- Run | Yrd Mat Mat Mat Machines Disabled 1 | . . . 1 Max in Single Turn 1 | . . . 1 Machines Repaired . | . . . . Machines Dismantled . | . . . . Machines Sabotaged . | . . . . Overloaded Fab Kills . | . . . . Hacking | -11 -10 -9 -8 --------- Run | Yrd Mat Mat Mat Machines Accessed 6 | . 2 2 2 Terminals 5 | . 2 1 2 Fabricators . | . . . . Repair Stations . | . . . . Recycling Units . | . . . . Scanalyzers 1 | . . 1 . Garrison Access . | . . . . Total Hacks 12 | . 4 5 3 Successful 5 | . 2 2 1 Failed 7 | . 2 3 2 Catastrophic 3 | . . 2 1 Database Lockouts . | . . . . Manual 8 | . 3 3 2 Terminals 10 | . 4 3 3 Fabricators . | . . . . Repair Stations . | . . . . Recycling Units . | . . . . Scanalyzers 2 | . . 2 . Garrison Access . | . . . . Terminal Hacks 3 | . 2 . 1 Prototype ID Bank 1 | . 1 . . Transport Status 1 | . 1 . . Zone Layout 1 | . . . 1 Fabricator Hacks . | . . . . Repair Station Hacks . | . . . . Recycling Unit Hacks . | . . . . Scanalyzer 2 | . . 2 . Insert Component 1 | . . 1 . Analyze 1 | . . 1 . Garrison Access Hacks . | . . . . Unauthorized Hacks . | . . . . Terminals . | . . . . Fabricators . | . . . . Repair Stations . | . . . . Recycling Units . | . . . . Scanalyzers . | . . . . Garrison Access . | . . . . Data Cores Recovered . | . . . . Used . | . . . . Hacking Detections 4 | . 1 2 1 Full Trace Events 1 | . . 1 . Feedback Events . | . . . . Feedback Blocked . | . . . . Robot Schematics Acquired . | . . . . Robots Built . | . . . . Authchips . | . . . . Time . | . . . . Total Robot Build Rating . | . . . . Part Schematics Acquired 1 | . . 1 . Parts Built . | . . . . Authchips . | . . . . Time . | . . . . Total Part Build Rating . | . . . . Parts Repaired . | . . . . Time . | . . . . Parts Recycled . | . . . . Recycled Matter . | . . . . Retrieved Matter . | . . . . Retrieved Components . | . . . . Parts Scanalyzed 1 | . . 1 . Part Schematics Acquired 1 | . . 1 . Parts Damaged . | . . . . Bothacking | -11 -10 -9 -8 ------------ Run | Yrd Mat Mat Mat Used RIF Installer . | . . . . Robots Hacked . | . . . . Non-combat . | . . . . Combat . | . . . . Robot Hacks Applied . | . . . . Relay Couplers Released . | . . . . Fabnet Peak Effective % . | . . . . Robots Rewired . | . . . . Allies Hacked . | . . . . Hacks Repelled . | . . . . Allies | -11 -10 -9 -8 -------- Run | Yrd Mat Mat Mat Total Allies . | . . . . Largest Group . | . . . . Highest-Rated Group . | . . . . Highest-Rated Ally . | . . . . Total Orders . | . . . . Ally Attacks . | . . . . Total Damage . | . . . . Kills . | . . . . Allies Corrupted . | . . . . Allies Melted . | . . . . Intel | -11 -10 -9 -8 ------- Run | Yrd Mat Mat Mat Robot Analysis Total . | . . . . Derelict Logs Recovered . | . . . . Drone Launches . | . . . . Drone Recoveries . | . . . . Exploration | -11 -10 -9 -8 ------------- Run | Yrd Mat Mat Mat Turns Passed 755 | 66 134 249 306 Spaces Moved 805 | 37 70 315 383 Core 8 | 3 . . 5 Treads 120 | 34 70 16 . Legs . | . . . . Wheels . | . . . . Hover . | . . . . Flight 677 | . . 299 378 Fastest Speed 26 | 50 160 26 28 Average Speed 50 | 151 160 34 33 Slowest Speed 300 | 160 160 160 300 Overloaded Moves . | . . . . Propulsion Burnouts . | . . . . Robots Hopped 7 | . . . 7 Cave-ins Triggered . | . . . . Exploration Rate (%) 21 | 5 20 32 27 Regions Visited 3 Branch Regions . Pre-discovered Areas . | . . . . Known Exits Taken . | . . . . Unknown Exits Taken 3 | 1 1 1 . Scrap Searched . | . . . . Spaces Dug . | . . . . Terrain Destroyed 72 | . . . 72 Melee . | . . . . Projectile 2 | . . . 2 AOE 70 | . . . 70 Terrain Rammed . | . . . . Walls Destroyed . | . . . . Machines Disabled . | . . . . Actions | -11 -10 -9 -8 --------- Run | Yrd Mat Mat Mat Total 1024 | 44 83 401 496 Wait 70 | . . 22 48 Move 788 | 36 69 314 369 Hop 7 | . . . 7 Pick Up 16 | 2 5 5 4 Fast Attach 18 | 6 . 5 7 Attach 19 | . . 6 13 Detach 6 | . . 4 2 Swap 13 | . 2 6 5 Drop 13 | . 2 9 2 Fire 74 | . 5 30 39 Melee . | . . . . Ram . | . . . . Kick . | . . . . Crush . | . . . . Escape Stasis . | . . . . Rewire . | . . . . Trap . | . . . . Miscellaneous . | . . . . Route ------- -11/Scrapyard -10/Materials -9/Materials -8/Materials History --------- Turn | Location | Event 40 | -11/Scrapyard | Discovered new exit (range 15) 67 | -11/Scrapyard | Entered Materials 178 | -10/Materials | Discovered new exit (range 10) 201 | -10/Materials | Entered another Materials area 201 | -9/Materials | Evolved 2 slots: Propulsion x2 445 | -9/Materials | Discovered new exit (range 16) 450 | -9/Materials | Entered another Materials area 450 | -8/Materials | Evolved 2 slots: Utility x2 580 | -8/Materials | Core integrity fell below 50% 634 | -8/Materials | Lost 9 parts (2p3n2u2w) 687 | -8/Materials | Core integrity fell below 20% 707 | -8/Materials | Lost 3 parts (2n1w) 756 | -8/Materials | Destroyed by G-47 Trooper with Particle Gun Last Messages --------------- 00711_ Acquired 61 matter. 00711_ U-05 Engineer builds a Wall. 00712_ Acquired Lgt. Angular Momentum Engine. 00712_ U-05 Engineer lays Concrete. 00715_ Triggered Alarm Trap. 00715_ An alarm sounds. 00715_ ALERT: Alarm triggered, dispatching investigation squad. 00716_ U-05 Engineer lays Concrete. 00718_ Acquired Weight Redist. System. 00720_ Acquired Heat Sink. 00725_ U-05 Engineer lays Concrete. 00735_ G-47 Trooper destroyed. 00737_ Lgt. Nuclear Core destroyed. 00739_ Imp. Flight Unit destroyed. 00740_ R-06 Scavenger collects Particle Gun. 00743_ R-06 Scavenger collects Lgt. Nuclear Core. 00749_ R-06 Scavenger collects Imp. Heat Sink. 00754_ Lgt. Angular Momentum Engine destroyed. Map ----- +----------------------------------------------------+ | ######## #?????# #??????????????? | | #[]] # #?????## # # #??????????????? | | #] [ # #??????#### # # != #??????????????? | | #] [ + #??######## ##### %%! ##??????????????? | | # # #??# # #???# * ##???????????????? | | # ] # #??# # #???# #???????????????? | | # # #??#""" # #???# #???????????????? | | ######## #??#""" # #???# #???????????????? | | ???????# #??#""" [ + #???# #???????????????? | | ???????# #??# # #???# #???????????????? | | ???????# #??######## ####### ###???????????????? | | #??????# ########## " # # #???????????????? | | #??????# + # + #???????????????? | | #??????# ########## # # ###???????????????? | | #??????# #?????##### ## #=#?????????????????? | | #??????# #?????? # ## #!#?????????????????? | | #??????# #???????? + ## # #?????????????????? | | #??????# #?????? # ## #!#?????????????????? | | #??????# #?????##### ## # #?????????????????? | | #??????# #??######## ## # #?????????????????? | | #??????# #??# ## ####### #?????????????????? | | #########+##### ## ##"""## #?????????????????? | | # # # ##"R"## #???##????????????? | | # " ## ##" "## ########??????????? | | # " # g %%#??????????? | | + # % + @ #??????????? | | # # ! %# #??????????? | | # # % # #??????????? | | ##+####+####### # / % #??????????? | | ?# #?# " # g #??????????? | | ?# #?# ####### # ###/###????? | | ?# #?# #?????# # ? | | ?# #?# #?????####### g ? | | ## ### #???????????# %r% ? | | #???????????########"T%####% #####+####?? | | #??????????????????#"""#??"=% #??????????? | | #####+#####????????????????#####??# #??????????? | | # #???????????????????????# #??????????? | | # #???????????????????????? #??????????? | | # #???????????????????????? #??????????? | | # #???????????????????????? #??????????? | | # #?????????????????????????? #??????????? | | # #?????????????????????????? #??????????? | | # #???????????????????????????#??????????? | | # #??????????????????????????????????????? | | ###########??????????????????????????????????????? | | ?????????????????????????????????????????????????? | | ?????????????????????????????????????????????????? | | ?????????????????????????????????????????????????? | | ?????????????????????????????????????????????????? | +----------------------------------------------------+ Best States ------------- Heat Dissipation 41 Energy Generation 18 Energy Capacity 275 Matter Stores 248 Matter Capacity 300 Sight Range 16 Terrain Scan Density 10 Additional Mass Support 6 Evasion (%) 64 Targeting Accuracy 12 Recoil Reduction 2 Item Schematics ----------------- Imp. Flight Unit | -9/Materials | Scanalyzed Robot Schematics ------------------ None Fabricated ------------ Nothing Alien Tech Used ----------------- None Achievements -------------- None Challenges ------------ None Game ------ Seed ImpactMetaMultitool Manual? 0 Play Time 00:16:47 Cumulative 44.3 hours Start 2024.09.17 @ 22:41:09 End 2024.09.17 @ 22:56:24 Sessions 1 Manual Loads 0 Difficulty Rogue Special Mode None Game No. 98 Rogue 98 Adventurer 0 Explorer 0 Win Type - Total 0 Types 0/0/0/0/0/0/0/0/0 Lore% 16 Gallery% 32 Achievement% 26 Wizard Run 0 Options --------- Layout 1 ASCII 0 Keyboard 1 Movement Arrows Keybinds 0 Fullscreen 1 Font 24/Smallcaps Map View 50x35 Zoom Use 0% Tactical HUD 1 Map Filters NONE Filters NONE Steam 1 RUN: 417c1597-a650-4e77-be42-48b013aa52cd